 Dungeon Sprint DCSS version 0.19.5 (webtiles) character file.

55 equalderp2856 the Caller (level 3, -2/15 HPs)
             Began as a Felid Summoner on Mar 8, 2017.
             Killed by divine providence
             ... invoked by an orc priest
              (11 damage)
             ... in the Dungeon (Sprint VII: "The Pits").
             The game lasted 00:04:35 (953 turns).

equalderp2856 the Caller (Felid Summoner)            Turns: 953, Time: 00:04:36

Health: -2/15      AC:  1    Str:  4    XL:     3   Next: 67%
Magic:  9/10       EV: 19    Int: 16    God:
Gold:   0          SH:  0    Dex: 17    Spells: 1 memorised, 10 levels left
                                        Lives:  0   Deaths: 1

rFire  . . .     SeeInvis +       - Unarmed
rCold  . . .     Gourm    .     (armour unavailable)
rNeg   . . .     Faith    .     (shield unavailable)
rPois  .         Spirit   .     (helmet unavailable)
rElec  .         Reflect  .     (cloak unavailable)
rCorr  .         Harm     .     (gloves unavailable)
MR     .....     NoTele   +     (boots unavailable)
Stlth  +++.......               (no amulet)
                                (no ring)
                                (no ring)

@: quick
A: no armour, no weapons or thrown items, stealth, claws 1, fangs 3, see
invisible, carnivore 3, speed 1, shaggy fur 1, slow metabolism 1, sharp paws
a: no special abilities


You were in the Dungeon.
You were not hungry.

You visited 1 branch

Inventory:

Scrolls
 h - a scroll of blinking
 j - 3 scrolls of remove curse
 k - 5 scrolls of amnesia
 l - a scroll of summoning
Potions
 c - 5 potions of curing
 d - 6 potions of heal wounds
 e - a potion of haste
 f - 4 potions of magic
 g - 3 potions of berserk rage
 i - 2 potions of invisibility
Books
 a - a book of Callings

   Spells                             Type                      Level
   a - Summon Small Mammal            Summoning                    1
   b - Call Imp                       Summoning                    2
   c - Call Canine Familiar           Summoning                    3
   d - Summon Guardian Golem          Hexes/Summoning              3
   e - Summon Lightning Spire         Summoning/Air                4
   f - Summon Ice Beast               Ice/Summoning                4
Comestibles
 b - 8 meat rations


   Skills:
 + Level 0.4 Fighting
 + Level 3.5 Dodging
 + Level 4.2 Stealth
 + Level 2.2 Unarmed Combat
 + Level 4.8 Spellcasting
 + Level 7.6 Summonings


You had 10 spell levels left.
You knew the following spells:

 Your Spells              Type           Power        Failure   Level  Hunger
a - Summon Small Mammal   Summ           ####         1%          1    None


Dungeon Overview and Level Annotations

Branches:
Dungeon (1/1)

Altars:
Ashenzari
Cheibriados
Dithmenos
Elyvilon
Fedhas
Gozag
Hepliaklqana
Kikubaaqudgha
Makhleb
Nemelex Xobeh
Okawaru
Qazlal
Ru
Sif Muna
Trog
Uskayaw
Vehumet
Xom
Yredelemnul
Zin
The Shining One
Beogh
Jiyva
Lugonu


Innate Abilities, Weirdness & Mutations

You cannot wear armour.
You are incapable of wielding weapons or throwing items.
Your paws allow you to move quietly. (Stealth)
You have sharp claws.
You have razor-sharp teeth.
You have supernaturally acute eyesight. (SInv)
You are carnivorous and can eat meat at any time.
You cover ground quickly.
You are covered in fur. (AC +1)
You have a slow metabolism.
Your sharp claws are effective at attacking unaware monsters.


Message History

Your quokka is burned by acid!
Your quokka dies!
Your quokka's corpse disappears in a puff of smoke!
Your quokka bites the jelly.
The jelly dies!
You swap places.
Your bat disappears in a puff of smoke!
You swap places.
Your quokka disappears in a puff of smoke!
There is a huge open gate to the Grid Vault (Hard) here.
There is a huge open gate to the Grid Vault (Hard) here.
The orc shouts!
Your bat disappears in a puff of smoke!
The orc priest shouts!
The orc priest invokes the aid of Beogh against you.
Beogh smites you!
The orc priest invokes the aid of Beogh against you.
Beogh smites you!
Ouch! That really hurt!
You die...

#..# #.r# #..# #..# #..# #..#
#..#+##############..#
########....................#
______##....................#
______###########''##########
#####'###########''######
#)))#.##........@.......#
')))'.##......#..#......#
#####.##................+
.o.o...'....o...........+
##'#####......#..#......#
#..#..##....†...........#
'..#))#####'#####++######
####))##...o...#
#..#))##.....o.#


You could see an orc priest and an orc.

Vanquished Creatures
  An adder zombie (D)
  A bat skeleton (D)
  A ball python (D)
3 creatures vanquished.

Vanquished Creatures (collateral kills)
  A floating eye (D)
  A jelly (D)
  An orc wizard (D)
  A river rat (D)
  An ufetubus (D)
  A leopard gecko (D)
  A giant cockroach (D)
  A goblin (D)
  A frilled lizard (D)
9 creatures vanquished.

Grand Total: 12 creatures vanquished

Notes
Turn   | Place    | Note
-------+----------+-------------------------------------------
     0 | D        | equalderp2856 the Felid Summoner began the quest for the Orb.
     0 | D        | Reached XP level 1. HP: 7/7 MP: 4/4
   206 | D        | Found a radiant altar of Vehumet.
   206 | D        | Found a hide-covered altar of Uskayaw.
   206 | D        | Found an ancient bone altar of Kikubaaqudgha.
   206 | D        | Found a viscous altar of Jiyva.
   206 | D        | Found a hazy altar of Hepliaklqana.
   207 | D        | Found a bloodstained altar of Trog.
   207 | D        | Found a deep blue altar of Sif Muna.
   207 | D        | Found a sacrificial altar of Ru.
   207 | D        | Found a stormy altar of Qazlal.
   207 | D        | Found an iron altar of Okawaru.
   207 | D        | Found a sparkling altar of Nemelex Xobeh.
   207 | D        | Found an opulent altar of Gozag.
   207 | D        | Found a blossoming altar of Fedhas.
   207 | D        | Found a white marble altar of Elyvilon.
   207 | D        | Found a shadowy altar of Dithmenos.
   207 | D        | Found a snail-covered altar of Cheibriados.
   208 | D        | Found a glowing golden altar of the Shining One.
   208 | D        | Found a glowing silver altar of Zin.
   209 | D        | Found a burning altar of Makhleb.
   209 | D        | Found a basalt altar of Yredelemnul.
   209 | D        | Found a roughly hewn altar of Beogh.
   210 | D        | Found a corrupted altar of Lugonu.
   210 | D        | Found a shimmering altar of Xom.
   210 | D        | Found a shattered altar of Ashenzari.
   270 | D        | Reached skill level 5 in Summonings
   379 | D        | Reached XP level 2. HP: 11/11 MP: 6/6
   450 | D        | Noticed a floating eye
   489 | D        | Paralysed by a floating eye for 3 turns
   496 | D        | Paralysed by a floating eye for 4 turns
   503 | D        | Paralysed by a floating eye for 3 turns
   512 | D        | Killed a floating eye
   512 | D        | Reached skill level 1 in Unarmed Combat
   512 | D        | Reached skill level 7 in Summonings
   512 | D        | Reached XP level 3. HP: 14/14 MP: 3/9
   512 | D        | Reached XP level 4. HP: 18/18 MP: 3/11
   668 | D        | Noticed a fire bat
   755 | D        | Mangled by an orc
   756 | D        | Reached XP level 3. HP: -7/14 MP: 6/10
   953 | D        | Killed from afar by an orc priest

Skill      XL: |  1  2  3  4 |
---------------+-------------+-----
Dodging        | 3 |  3.5
Stealth        | 3 4 |  4.2
Summonings     | 5 7 |  7.6
Unarmed Combat | 1 2 |  2.2
Spellcasting   | 4 |  4.8
Fighting       | |  0.4

Action                   |  1- 3 |  4- 6 || total
-------------------------+-------+-------++-------
Melee: Unarmed           |    16 |     6 ||    22
 Cast: Summon Small Mamm |    27 |    14 ||    41
  Use: Potion            |       |     1 ||     1
 Stab: Sleeping          |     1 |       ||     1
Armor: Skin              |       |     1 ||     1
Dodge: Dodged            |    12 |     9 ||    21
